 Dungeon Crawl Stone Soup version 0.30.1-3-gfc49f6343a (webtiles) character file.

Game seed: 9239079672989192678

4 babyray the Caller (level 1, 0/10 HPs)
             Began as a Kobold Summoner on July 31, 2023.
             Slain by a hobgoblin (2 damage)
             ... on level 1 of the Dungeon.
             The game lasted 00:00:28 (224 turns).

babyray the Caller (Kobold Summoner)                 Turns: 224, Time: 00:00:28

Health: 0/10       AC:  2    Str:  5    XL:     1   Next: 66%
Magic:  1/3        EV: 15    Int: 16    God:
Gold:   0          SH:  0    Dex: 15    Spells: 3/4 levels left

rFire   . . .        (weapon restricted)
rCold   . . .        (no shield)
rNeg    . . .        a - +0 robe
rPois   .            (no helmet)
rElec   .            (no cloak)
rCorr   .            (no gloves)
SInv    .            (no boots)
Will    .....        (no amulet)
Stlth   +++          (no ring)
HPRegen 0.21/turn    (no ring)
MPRegen 0.08/turn

%: no passive effects
@: no status effects
A: small, no large weapons, nightstalker 3
a: no special abilities


You were on level 1 of the Dungeon.
You visited 1 branch of the dungeon, and saw 1 of its levels.

Inventory:

Armour
 a - a +0 robe (worn)
 d - a +0 buckler
Potions
 b - a potion of magic
 c - 2 potions of degeneration {unknown}


   Skills:
 + Level 2.5 Dodging
 + Level 2.8 Stealth
 + Level 2.2 Spellcasting
 * Level 4.1 Summonings


You had 3 spell levels left.
You knew the following spells:

 Your Spells              Type           Power      Damage    Failure   Level
a - Summon Small Mammal   Summ           56%        N/A       3%          1

Your spell library contained the following spells:

 Spells                   Type           Power      Damage    Failure   Level
 Call Imp                 Summ           28%        N/A       6%          2
 Call Canine Familiar     Summ           14%        N/A       12%         3
 Summon Guardian Golem    Hex/Summ       8%         N/A       26%         3
 Summon Lightning Spire   Summ/Air       8%         N/A       65%         4


Dungeon Overview and Level Annotations

Branches:
Dungeon (1/15)

Altars:


Innate Abilities, Weirdness & Mutations

You are small and have problems with some larger weapons.
You are completely attuned to the shadows.


Message History

Your bat closely misses the rat.
The rat barely misses you.
Your bat barely misses the rat.
You hit the rat.
You kill the rat!
You swap places.
You see here a rat corpse.
You see here a ball python corpse.
Your bat disappears in a puff of smoke!
Found 6 stones.
Found a buckler.
You see here 6 stones.
c - 2 fizzy emerald potions You see here a +0 buckler.
d - a +0 buckler A hobgoblin comes into view.
Casting: Summon Small Mammal (safe; 3% risk of failure)
Confirm with . or Enter, or press ? or * to list all spells.
The hobgoblin shouts!
The hobgoblin closely misses you.
Casting: Summon Small Mammal (safe; 3% risk of failure)
Confirm with . or Enter, or press ? or * to list all spells.
Your bat closely misses the hobgoblin.
The hobgoblin hits you.
Ouch! That really hurt!
You hit the hobgoblin.
The hobgoblin is moderately wounded.
Your bat barely misses the hobgoblin.
The hobgoblin hits you.
* * * LOW HITPOINT WARNING * * *
You barely miss the hobgoblin.
The hobgoblin is moderately wounded.
Your bat closely misses the hobgoblin.
Your bat barely misses the hobgoblin.
The hobgoblin hits you.
* * * LOW HITPOINT WARNING * * *
Your bat closely misses the hobgoblin.
The hobgoblin attacks as you move away! The hobgoblin barely misses you.
Found a ring mail.
Your bat closely misses the hobgoblin.
Your quokka completely misses the hobgoblin.
Your bat hits the hobgoblin but does no damage.
Your bat barely misses the hobgoblin.
Your quokka bites the hobgoblin.
The hobgoblin hits you.
You die...

###########.............##
#.###........##
..............#
##.#..........##### #
#...............
#[#.#.......######
##.#b#....(..#
...rg#.......#
####.@.........
######.##### #.# #.# ..#


You could see a hobgoblin (ally target), a friendly quokka (summoned) and a
friendly bat (summoned).

Vanquished Creatures
  2 rats (D:1)
2 creatures vanquished.

Vanquished Creatures (collateral kills)
  A bat (D:1)
  A ball python (D:1)
  A frilled lizard (D:1)
3 creatures vanquished.

Grand Total: 5 creatures vanquished

Notes
Turn   | Place    | Note
-------+----------+-------------------------------------------
     0 | D:1      | babyray the Kobold Summoner began the quest for the Orb.
     0 | D:1      | Reached XP level 1. HP: 10/10 MP: 3/3
   224 | D:1      | Slain by a hobgoblin

Illustrated notes

Levels and vault maps discovered:
D:1:      minmay_arrival_glassed_features, layout_loops_ring

Action                     || total
---------------------------++-------
  Melee: Unarmed           ||    19
   Cast: Summon Small Mamm ||     9
   Stab: Sleeping          ||     2
 Armour: Robe              ||     1
  Dodge: Dodged            ||    17
